 Dungeon Crawl Stone Soup version 0.31-a0-14-gc80a10f4b6 (webtiles) character file.

Game seed: 6024788132181640033

4697 Morbidden the Ruffian (level 10, 0/91 HPs)
             Began as a Troll Venom Mage on May 8, 2023.
             Was a Follower of Cheibriados.
             Slain by Amaemon
             ... wielding a +0 demon whip of venom
              (7 damage)
             ... on level 8 of the Dungeon.
             The game lasted 00:18:11 (9406 turns).

Morbidden the Ruffian (Troll Venom Mage)            Turns: 9406, Time: 00:18:11

Health: 0/91       AC:  9    Str: 20    XL:     10   Next: 21%
Magic:  0/14       EV: 10    Int: 17    God:    Cheibriados [*.....]
Gold:   617        SH:  0    Dex: 12    Spells: 5/16 levels left

rFire   . .          .
                       - Unarmed
rCold   . . .        (no shield)
rNeg    . . .        a - +1 robe
rPois   .            (helmet restricted)
rElec   .            (no cloak)
rCorr   .            (gloves unavailable)
SInv    +            (boots unavailable)
Will    .....        f - amulet of guardian spirit
Stlth   ++           I - +4 ring of protection
HPRegen 1.15/turn    s - ring of see invisible
MPRegen 0.14/turn

%: guardian spirit
@: lethally poisoned (0 -> -32), slowed, very slow
A: large, unfitting armour, claws 3, regeneration 1, shaggy fur 1, tough skin 1
a: Renounce Religion, Bend Time


You were on level 8 of the Dungeon.
You worshipped Cheibriados.
Cheibriados was aware of your devotion.
You visited 2 branches of the dungeon, and saw 10 of its levels.
You also visited: Bailey.

You collected 617 gold pieces.

Inventory:

Missiles
 g - 6 large rocks
 i - 5 throwing nets
 p - 11 boomerangs
 v - 2 poisoned darts
 w - 5 javelins (quivered)
 D - 9 stones
Armour
 a - a +1 robe (worn)
Jewellery
 c - a ring of resist corrosion
 e - a ring of protection from fire
 f - an amulet of guardian spirit (around neck)
 s - a ring of see invisible (right claw)
 y - a ring of protection from fire
 I - a +4 ring of protection (left claw)
Wands
 l - a wand of iceblast (5)
 q - a wand of flame (14)
 r - a wand of polymorph (10)
 x - a wand of digging (4)
Scrolls
 d - 5 scrolls of identify
 h - a scroll of noise
 j - a scroll of amnesia
 k - a scroll of teleportation
 m - a scroll of enchant armour
 A - a scroll of silence
 F - a scroll of immolation
 G - a scroll of butterflies
 H - a scroll of enchant weapon
Potions
 b - 2 potions of magic
 n - 3 potions of brilliance
 u - a potion of degeneration {unknown}
 z - a potion of curing {unknown}
 B - a potion of cancellation {unknown}
 E - a potion of mutation {unknown}


   Skills:
 * Level 3.4 Fighting
 * Level 3.5 Throwing
 * Level 3.3 Armour
 * Level 3.6 Dodging
 + Level 1.4 Stealth
 * Level 5.6 Unarmed Combat
 * Level 3.7 Spellcasting
 * Level 3.0 Transmutations
 * Level 2.3 Air Magic
 * Level 4.8 Poison Magic
 * Level 1.5 Invocations
 * Level 3.0 Evocations


You had 5 spell levels left.
You knew the following spells:

 Your Spells              Type           Power      Damage    Failure   Level
a - Sting                 Tmut/Pois      64%        1d6       3%          1
b - Poisonous Vapours     Pois/Air       30%        N/A       5%          2
c - Airstrike             Air            5%         2d(1-17)  54%         4
z - Olgreb's Toxic Radia  Pois           19%        N/A       22%         4

Your spell library contained the following spells:

 Spells                   Type           Power      Damage    Failure   Level
 Beastly Appendage        Tmut           26%        N/A       4%          1
 Wereblood                Tmut           13%        N/A       7%          2
 Shock                    Conj/Air       28%        1d4       10%         1
 Spider Form              Tmut/Pois      16%        N/A       10%         3
 Apportation              Tloc           6%         N/A       16%         1
 Mephitic Cloud           Conj/Pois/Air  11%        N/A       19%         3
 Swiftness                Air            11%        N/A       19%         3
 Ensorcelled Hibernation  Hex/Ice        6%         N/A       24%         2
 Alistair's Intoxication  Tmut/Pois      10%        N/A       65%         5
 Anguish                  Hex/Necr       1%         N/A       85%         4


Dungeon Overview and Level Annotations

Branches:
Dungeon (9/15)             Temple (1/1) D:7          Bailey (visited)
   Lair: D:8-11         Orc: D:9-12

Altars:
Cheibriados
Dithmenos
Gozag
Hepliaklqana
Makhleb
Nemelex Xobeh
Okawaru
Ru
Sif Muna
Trog
Uskayaw
Vehumet
Wu Jian
Xom
Yredelemnul
Zin
The Shining One

Shops:
D:2 (   D:7 (

Annotations:
D:8 Amaemon


Innate Abilities, Weirdness & Mutations

You are too large for most types of armour.
You have claws for hands.
Your natural rate of healing is unusually fast.
You are covered in fur. (AC +1)
You have tough skin. (AC +1)


Message History

The orange demon stings you from afar!
* * * LOW HITPOINT WARNING * * *
Amaemon completely misses you. Amaemon claws you but does no damage.
Amaemon tail-slaps you but does no damage.
The scorpion completely misses you. The scorpion barely misses you.
The orange demon stings you but does no damage.
Amaemon hits you with a +0 demon whip of venom!
* * * LOW HITPOINT WARNING * * *
You are more poisoned.
Amaemon closely misses you. Amaemon tail-slaps you.
* * * LOW HITPOINT WARNING * * *
Unknown command.
You feel much better.
You feel extremely sick.
The orange demon no longer looks unusually toxic.
The scorpion closely misses you. The scorpion stings you.
The orange demon stings you from afar.
* * * LOW HITPOINT WARNING * * *
You are lethally poisoned!
The orange demon poisons you! Amaemon barely misses you.
Amaemon claws you but does no damage.
Amaemon tail-slaps you but does no damage.
The scorpion closely misses you.
The scorpion stings you but does no damage.
Unknown command.
Unknown command.
Okay, then.
Okay, then.
Throw: 6 javelins
Press: ? - help, Q - select action, (/) - cycle Shift-Dir - straight line, f - scorpion
Aim: a scorpion (summoned, 59% to hit)
You throw a javelin. The javelin closely misses Amaemon.
The javelin pierces through the orange demon!
The orange demon is lightly wounded.
The javelin closely misses the scorpion.
* * * LOW HITPOINT WARNING * * *
You feel extremely sick. The orange demon completely misses you.
The scorpion completely misses you.
Amaemon hits you with a +0 demon whip of venom!
You die...

#.s. .......
#.6 #...####
#. #.... #.
##..## #. #.
#. #
#s#####.####.
#s@64s...(...
#######.####.
.. ##


You could see Amaemon (very poisoned), an orange demon and 3 scorpions.

Vanquished Creatures
  A two-headed ogre (D:9)
  Pikel (D:7)
  2 yaks
  Eustachio (D:5)
  Menkaure (D:4)
  2 water moccasins
  3 orc warriors
  A black bear (D:6)
  3 sky beasts
  2 ogres
  6 wolves (Bailey)
  A phantom (D:5)
  2 lemures (D:7)
  A kobold brigand (D:9)
  6 gnoll sergeants (Bailey)
  3 scorpions
  A crimson imp (D:6)
  5 orc priests
  5 hounds
  A sleepcap (D:7)
  6 gnoll boudas
  2 orc wizards
  2 iguanas
  Ijyb (D:3)
  15 gnolls
  7 adders
  An ufetubus (D:6)
  2 worms
  17 orcs
  7 bats
  6 endoplasms
  3 giant cockroaches
  4 hobgoblins
  3 jackals (D:2)
  10 kobolds
  5 quokkas
  6 ball pythons
  5 frilled lizards
  10 goblins
  12 rats
172 creatures vanquished.

Notes
Turn   | Place    | Note
-------+----------+-------------------------------------------
     0 | D:1      | Morbidden the Troll Venom Mage began the quest for the Orb.
     0 | D:1      | Reached XP level 1. HP: 16/16 MP: 1/1
   191 | D:1      | Reached XP level 2. HP: 20/24 MP: 0/2
   732 | D:1      | Reached XP level 3. HP: 32/32 MP: 3/3
   828 | D:2      | Found Docvadiu's Antique Weapon Boutique.
   838 | D:2      | Reached skill level 1 in Transmutations
   879 | D:2      | Learned a level 2 spell: Poisonous Vapours
  1952 | D:3      | Found an iron altar of Okawaru.
  2109 | D:3      | Noticed Ijyb
  2126 | D:3      | Killed Ijyb
  2127 | D:3      | Reached XP level 4. HP: 40/40 MP: 0/5
  2454 | D:3      | Found an opulent altar of Gozag.
  2454 | D:3      | Found a sacrificial altar of Ru.
  2580 | D:3      | Found a shimmering blue altar of Sif Muna.
  2626 | D:4      | Reached skill level 1 in Unarmed Combat
  2626 | D:4      | Reached XP level 5. HP: 31/46 MP: 1/6
  2681 | D:4      | Found a hazy altar of Hepliaklqana.
  2980 | D:4      | Reached skill level 1 in Fighting
  3502 | D:4      | Reached skill level 1 in Armour
  3582 | D:4      | Noticed an ogre
  3587 | D:4      | Killed an ogre
  3588 | D:4      | Reached skill level 2 in Unarmed Combat
  3588 | D:4      | Reached XP level 6. HP: 55/55 MP: 0/7
  3603 | D:4      | Noticed Menkaure
  3609 | D:4      | Killed Menkaure
  3610 | D:4      | Reached skill level 1 in Throwing
  3610 | D:4      | Reached skill level 1 in Evocations
  3786 | D:4      | Found a basalt altar of Yredelemnul.
  3792 | D:4      | Found a glowing golden altar of the Shining One.
  3794 | D:4      | Noticed an angel
  4174 | D:5      | Entered Level 5 of the Dungeon
  4362 | D:5      | Reached XP level 7. HP: 62/62 MP: 2/9
  4592 | D:5      | Identified the +3 spear of the Voracious God {speed, rC+
                  | Will++ Dex-5 Stlth+}
  4988 | D:5      | Noticed Eustachio
  5069 | D:5      | Killed Eustachio
  5070 | D:5      | Reached skill level 3 in Unarmed Combat
  5070 | D:5      | Reached skill level 1 in Air Magic
  5453 | D:6      | Reached XP level 8. HP: 67/71 MP: 8/11
  5519 | D:6      | Learned a level 4 spell: Airstrike
  5655 | D:7      | Found a flagged portal.
  5740 | Bailey   | Entered a bailey
  5766 | Bailey   | Learned a level 4 spell: Olgreb's Toxic Radiance
  6144 | Bailey   | Reached skill level 4 in Unarmed Combat
  6214 | Bailey   | Reached XP level 9. HP: 80/80 MP: 2/12
  7180 | D:7      | Found Ywyerif's Weapon Shop.
  7197 | D:7      | Found a staircase to the Ecumenical Temple.
  7215 | Temple   | Entered the Ecumenical Temple
  7293 | Temple   | Became a worshipper of Cheibriados the Contemplative
  7545 | D:7      | Noticed Pikel
  7558 | D:7      | Killed Pikel
  7743 | D:7      | Reached skill level 5 in Unarmed Combat
  8529 | D:6      | Reached skill level 1 in Invocations
  9126 | D:6      | Found an ornate altar of the Wu Jian Council.
  9151 | D:6      | Found a radiant altar of Vehumet.
  9151 | D:6      | Found a burning altar of Makhleb.
  9160 | D:6      | Reached * piety under Cheibriados
  9245 | D:8      | Noticed an orange demon
  9245 | D:8      | Noticed Amaemon
  9248 | D:9      | Noticed a two-headed ogre
  9253 | D:9      | Killed a two-headed ogre
  9254 | D:9      | Reached XP level 10. HP: 91/91 MP: 14/14
  9406 | D:8      | Slain by Amaemon

Illustrated notes

Levels and vault maps discovered:
D:1:      erik_arrival_orb_chamber, layout_basic
D:2:      layout_basic, serial_shops, nicolae_shop_stone
D:3:      layout_basic, mainiacjoe_overflow_divided_tiny,
          mainiacjoe_overflow_catwalk_spiral, uniq_ijyb
D:4:      layout_layer_cave, grunt_temple_overflow_holy_war,
          mainiacjoe_overflow_cross_hatched, uniq_menkaure
D:5:      kb_forest_paths, layout_basic, uniq_eustachio
D:6:      layout_rooms, grunt_temple_overflow_lords_of_destruction,
          kennysheep_mini
D:7:      layout_basic, minmay_temple_entry_tees, serial_shops, shop,
          enter_bailey_5, uniq_pikel
D:8:      layout_loops_ring, ebering_ghost_reflecting_pool, uniq_amaemon
D:9:      minmay_separated_statues, layout_layer_cave, lair_entry_dummy
Temple:   hellmonk_temple_beads

Skill      XL: |  1  2  3  4  5  6  7  8  9 |
---------------+----------------------------+-----
Transmutations | 1 2 3 |  3.0
Unarmed Combat | 1 2 3 4 5 |  5.6
Fighting       | 1 2 3 |  3.4
Dodging        | 2 3 |  3.6
Armour         | 1 2 3 |  3.3
Poison Magic   | 3 4 |  4.8
Throwing       | 1 2 3 |  3.5
Spellcasting   | 2 3 |  3.7
Evocations     | 1 2 3 |  3.0
Air Magic      | 1 2 |  2.3
Invocations    | 1 |  1.5
Stealth        | |  1.4

Action                     |  1- 3 |  4- 6 |  7- 9 | 10-12 || total
---------------------------+-------+-------+-------+-------++-------
  Melee: Unarmed           |    86 |    52 |   239 |    23 ||   400
         Punch             |       |     1 |     8 |       ||     9
  Throw: Stone             |       |    25 |    23 |       ||    48
         Dart              |       |       |     1 |     6 ||     7
         Boomerang         |       |       |    77 |       ||    77
         Javelin           |       |       |     1 |     1 ||     2
         Large rock        |       |       |     1 |       ||     1
   Cast: Sting             |    55 |    26 |    88 |       ||   169
         Poisonous Vapours |       |    10 |    56 |       ||    66
         Olgreb's Toxic Ra |       |       |     1 |     4 ||     5
  Evoke: Wand              |     4 |     8 |     6 |       ||    18
    Use: Scroll            |       |       |     6 |     7 ||    13
         Potion            |       |       |       |     2 ||     2
   Stab: Sleeping          |     2 |     1 |     1 |       ||     4
         Distracted        |       |       |     1 |       ||     1
 Armour: Robe              |    52 |    18 |    53 |    24 ||   147
  Dodge: Dodged            |    54 |    24 |   128 |    38 ||   244

Table legend: (Time is in decaauts)
 A = Elapsed time spent in this place.
 B = Non-inter-level travel time spent in this place.
 C = Inter-level travel time spent in this place.
 D = Time resting spent in this place.
 E = Time spent auto-exploring this place.
 F = Levels seen in this place.
 G = Mean time per level.
                   A        B        C        D        E       F      G
               +--------+--------+--------+--------+--------+-----+--------+
         Total |   9763 |   9491 |    272 |    576 |   7019 |  11 |  887.5 |
       Dungeon |   8409 |   8196 |    213 |    309 |   6577 |   9 |  934.3 |
        Temple |    139 |     80 |     59 |      0 |     61 |   1 |  139.0 |
        Bailey |   1214 |   1214 |      0 |    267 |    381 |   1 | 1214.0 |
               +--------+--------+--------+--------+--------+-----+--------+

Top non-repeatable levels by time:
     D:7: 1644 daAuts
     D:4: 1563 daAuts
     D:5: 1322 daAuts
  Bailey: 1214 daAuts
     D:2: 1144 daAuts
     D:6: 1058 daAuts
     D:1: 781 daAuts
     D:3: 684 daAuts
     D:8: 147 daAuts
  Temple: 139 daAuts
     D:9: 63 daAuts
